Map: Dusk Towers

Players

Miszu

  • Race: Terran Terran
  • League: Master

RadekDaNa - Winner!

  • Race: Zerg Zerg
  • League: Grandmaster

VOD

Have the link to the VOD?

Description

Time

  • Played on: April 30, 2016, 4:32 p.m.
  • Length: 4:55
Show
View Real Time Build Order
Export as new Build Order

Miszu Terran 

Build Orders: Reaper Expand 

Get SALT Encoding   

  12  0:01  SCV  
  13  0:13  SCV  
  14  0:18  Supply Depot  
  14  0:25  SCV  
  15  0:39  SCV  
  15  0:41  Barracks  
  16  0:44  Refinery  
  16  0:51  SCV  
  17  1:03  SCV  
  18  1:15  SCV  
  19  1:28  Reaper, Orbital Command  
  20  1:39  Command Center  
  20  1:49  Supply Depot  
  20  1:53  SCV  
  21  2:00  Marine  
  22  2:06  SCV  
  23  2:13  Factory  
  23  2:18  SCV  
  23  2:22  Barracks Reactor  
  24  2:30  SCV  
  25  2:41  Barracks Reactor  
  25  2:43  SCV  
  26  2:56  SCV  
  27  3:01  Command Center  
  27  3:04  Orbital Command  
  27  3:08  SCV  
  28  3:20  SCV  
  28  3:21  Hellion x2  
  28  3:24  Barracks Tech Lab  
  33  3:31  SCV  
  33  3:32  SCV  
  34  3:42  Marine  
  34  3:43  SCV  
  34  3:44  SCV  
  37  3:50  Refinery  
  37  3:53  Barracks, Factory Reactor  
  37  3:54  Barracks  
  37  3:55  SCV  
  38  3:56  SCV  
  38  4:00  Marine  
  40  4:06  Engineering Bay x2  
  40  4:07  Refinery, SCV  
  40  4:08  Refinery, SCV  
  42  4:16  Orbital Command  
  42  4:18  Marine  
  42  4:19  SCV  
  42  4:20  SCV  
  49  4:31  SCV  
  49  4:32  SCV  
  49  4:33  Hellion x2  
  53  4:43  SCV  
Show
View Real Time Build Order
Export as new Build Order

RadekDaNa Zerg - Winner!

Build Orders: Pool First, Roach Nydus 

Get SALT Encoding   

  12  0:01  Drone  
  13  0:12  Overlord  
  13  0:21  Drone  
  14  0:30  Drone x2  
  16  0:36  Drone  
  17  0:45  Spawning Pool  
  17  0:47  Drone  
  17  0:55  Drone  
  18  1:03  Extractor  
  17  1:06  Drone  
  18  1:17  Hatchery  
  17  1:31  Queen  
  17  1:32  Zergling x4  
  21  1:38  Overlord  
  21  1:49  Drone  
  22  2:00  Drone  
  23  2:07  Queen  
  25  2:15  Drone  
  26  2:25  Drone  
  27  2:30  Drone  
  27  2:32  Drone  
  27  2:37  Lair  
  28  2:39  Drone  
  28  2:40  Drone  
  28  2:42  Drone  
  28  2:43  Drone  
  32  2:46  Drone  
  33  2:52  Queen, Drone  
  33  2:56  Overlord  
  35  3:02  Overlord  
  35  3:07  Drone  
  36  3:18  Overlord  
  36  3:19  Drone  
  37  3:22  Drone x3  
  37  3:25  Extractor  
  39  3:28  Queen  
  39  3:29  Roach Warren  
  40  3:36  Queen  
  42  3:47  Overlord  
  42  3:48  Nydus Network  
  41  4:04  Queen  
  43  4:12  Roach x5  
  53  4:26  Nydus Canal  
  53  4:27  Roach  
  53  4:28  Roach  
  53  4:29  Overlord  
  57  4:32  Roach  
  57  4:36  Roach  
Tags
 
Add a new tag
Caveats
  • Supply blocks, unpowered buildings, or Contaminate may cause inaccurate times.
  • Supply counts are checked every 10 seconds.